Unix NetHack Version 5.0.0-0 post-release - last build Jun 10 2026 00:39:30 (3ee93aec679c4c4259841fe613dc97188e26a321,branch:main).

Game began 2026-06-26 03:15:45, ended 2026-06-26 03:55:53.

114514, chaotic male human Knight

               -----------
               |.........|
               |.........|
  ------      #..........|
  |....|      #-------.---
  |<...|      #       #
  |....-#######       #
  -.----              #
   #                  #
   #                  #
   #                  #
   #             `########
 --|---------    #----|---------
 |..........|    #|............|
 |..........|    #|.....)......|
 |..........|    #|......o.....|
 |..........|  ###|........ u...
 |...........###  |.........@ .|
 ------------     --------------

114514 the Esquire       St:14 Dx:8 Co:12 In:7 Wi:16 Ch:18  Chaotic
Dlvl:4  $:31 HP:0(23) Pw:27(27) AC:4  Xp:3 T:1483  Hungry   Burdened

Latest messages:
 The saddled pony misses ptaff's ghost.
 The saddled pony misses ptaff's ghost.
 The saddled pony misses ptaff's ghost.
 Ptaff's ghost touches you!
 Mwm11235's ghost just misses!
 In what direction? 7
 Your clumsy kick does no damage.
 The saddled pony misses ptaff's ghost.
 The saddled pony misses ptaff's ghost.
 In what direction? 7
 Your clumsy kick does no damage.
 The saddled pony misses ptaff's ghost.
 The saddled pony misses ptaff's ghost.
 The saddled pony misses ptaff's ghost.
 The saddled pony misses ptaff's ghost.
 You are carrying too much to jump!
 In what direction? 7
 You kick ptaff's ghost.
 The saddled pony misses ptaff's ghost.
 The saddled pony misses ptaff's ghost.
 The saddled pony misses ptaff's ghost.
 The saddled pony misses ptaff's ghost.
 The saddled pony misses ptaff's ghost.
 The saddled pony misses ptaff's ghost.
 The saddled pony misses ptaff's ghost.
 The saddled pony misses ptaff's ghost.
 In what direction? 7
 Your clumsy kick does no damage.
 The saddled pony misses ptaff's ghost.
 The saddled pony misses ptaff's ghost.
 Mwm11235's ghost touches you!
 In what direction? 7
 You kick ptaff's ghost.
 The saddled pony misses ptaff's ghost.
 The saddled pony misses ptaff's ghost.
 Ptaff's ghost touches you!
 In what direction? 7
 Your clumsy kick does no damage.
 The saddled pony misses ptaff's ghost.
 The saddled pony misses ptaff's ghost.
 Ptaff's ghost touches you!
 Mwm11235's ghost touches you!
 The saddled pony misses ptaff's ghost.
 The saddled pony misses ptaff's ghost.
 You miss mwm11235's ghost.
 The saddled pony misses ptaff's ghost.
 The saddled pony misses ptaff's ghost.
 Ptaff's ghost touches you!
 You die...
 Do you want your possessions identified? [ynq] (y) q

Inventory:
 Coins    ('$')
  $ - 31 gold pieces
 Weapons  (')')
  n - 6 +0 arrows
  a - a +1 long sword (weapon in right hand)
  o - a blessed +0 mace
  b - a +1 lance (alternate weapon; not wielded)
 Armor    ('[')
  u - a cursed -1 helm of opposite alignment (being worn)
  d - a blessed +0 helmet
  p - an uncursed +0 orcish helm
  f - an uncursed +0 pair of leather gloves (being worn)
  e - an uncursed +0 small shield (being worn)
  c - a blessed +1 ring mail (being worn)
 Comestibles  ('%')
  g - 8 uncursed apples
  h - 9 uncursed carrots
 Potions  ('!')
  q - a blessed potion of blindness
 Wands    ('/')
  k - a wand of undead turning (0:6)
 Gems/Stones  ('*')
  i - an uncursed worthless piece of blue glass

114514 the Knight's attributes:

Background:
 You were an Esquire, a level 3 male human Knight.
 You were chaotic, temporarily on a mission for Manannan Mac Lir
 who was opposed by Lugh (lawful) and Brigit (neutral).
 You were actually lawful.
 You were right-handed.
 You were in the Dungeons of Doom, on level 4.
 You entered the dungeon 1483 turns ago.
 It was nighttime.
 You had 53 experience points, 27 more were needed to attain level 4.

Basics:
 You had 0 out of 23 hit points.
 You had all 27 energy points (spell power).
 Your armor class was 4.
 Your wallet contained 31 zorkmids.
 Autopickup was off.

Final Characteristics:
 Your strength was 14 (limit:18/100).
 Your dexterity was 8 (limit:18).
 Your constitution was 12 (limit:18).
 Your intelligence was 7 (limit:18).
 Your wisdom was 16 (limit:18).
 Your charisma was 18 (limit:18).

Final Status:
 You were hungry.
 You were burdened; movement was slightly slowed.
 You were wielding a long sword.
 You had basic skill with long sword.

Final Attributes:
 You were devoutly aligned.
 You could jump.
 You were warded.
 You are dead.

Miscellaneous:
 You encountered 1 bones level.
 Total elapsed playing time was 40 minutes and 7 seconds.

Major events:
 Turn
    1: 114514 the lawful male human Knight entered the dungeon
 1362: attained the rank of Esquire (level 3)
 1483: killed by the ghost of ptaff

You didn't know any spells.

Skills:
 Fighting Skills
   bare handed combat [Unskilled]
   two weapon combat  [Unskilled]
   riding             [Basic]
 Weapon Skills
   dagger             [Unskilled]
   knife              [Unskilled]
   axe                [Unskilled]
   pick-axe           [Unskilled]
   short sword        [Unskilled]
   broadsword         [Unskilled]
   long sword         [Basic]
   two-handed sword   [Unskilled]
   saber              [Unskilled]
   club               [Unskilled]
   mace               [Unskilled]
   morning star       [Unskilled]
   flail              [Unskilled]
   hammer             [Unskilled]
   polearms           [Unskilled]
   spear              [Unskilled]
   trident            [Unskilled]
   lance              [Basic]
   bow                [Unskilled]
   crossbow           [Unskilled]
 Spellcasting Skills
   attack spells      [Unskilled]
   healing spells     [Unskilled]
   clerical spells    [Unskilled]

Voluntary challenges:
 Character rerolling was not enabled.
 You were vegetarian.
 You never genocided any monsters.
 You never polymorphed an object.
 You never changed form.
 You used no wishes.
Achievement:
 You attained the rank of Esquire.

 The Dungeons of Doom: levels 1 to 4
    Level 1:
    Level 2:
    Level 3:
       Some fountains.
    Level 4: <- You were here.
       An altar, some graves.
       Final resting place for
          you, killed by the ghost of ptaff,
          ptaff-Rog-Hum-Mal-Cha, killed by a Mordor orc,
          mwm11235-Wiz-Hum-Mal-Neu, killed by a Mordor orc.
 The Tutorial:
    Level 1:
       A tree.


Vanquished creatures:
  a rock piercer
 an acid blob
  a brown mold
  a red mold
  a gnome zombie
  2 geckos
  3 jackals
  a fox
  4 goblins
  4 sewer rats
  5 grid bugs
  3 lichens
  3 kobold zombies
  3 newts
33 creatures vanquished.

No species were genocided or became extinct.

Game over:
                       ----------
                      /          \
                     /    REST    \
                    /      IN      \
                   /     PEACE      \
                  /                  \
                  |      114514      |
                  |      31 Au       |
                  |  killed by the   |
                  |  ghost of ptaff  |
                  |                  |
                  |                  |
                  |       2026       |
                 *|     *  *  *      | *
        _________)/\\_//(\/(/\)/\//\/|_)_______

Fare thee well 114514 the Knight...

You died in The Dungeons of Doom on dungeon level 4 with 400 points,
and 31 pieces of gold, after 1483 moves.
You were level 3 with a maximum of 23 hit points when you died.

